 Dungeon Crawl Stone Soup version 0.31-a0-981-geadf994542 (webtiles) character file.

Game seed: 13289289457328667280

1208 pokeman the Thaumaturge (level 8, -1/44 HPs)
             Began as a Deep Elf Hedge Wizard on Nov 1, 2023.
             Was a Follower of Vehumet.
             Slain by a lemure (5 damage)
             ... led by Pikel
             ... on level 5 of the Dungeon.
             The game lasted 00:14:10 (5375 turns).

pokeman the Thaumaturge (Deep Elf Hedge Wizard)     Turns: 5375, Time: 00:14:10

Health: -1/44      AC:  6    Str:  7    XL:     8   Next: 21%
Magic:  15/23      EV: 13    Int: 22    God:    Vehumet [*.....]
Gold:   328        SH:  5    Dex: 14    Spells: 18/26 levels left

rFire   + . .        p - +6 sling of Zeolach {speed, rC+}
rCold   + . .        (no shield)
rNeg    . . .        v - +2 robe {Will+}
rPois   .            n - +0 helmet
rElec   .            e - +0 cloak
rCorr   .            (no gloves)
SInv    .            (no boots)
Will    +....        r - amulet of reflection
Stlth   +++          x - ring of protection from fire
HPRegen 0.27/turn    A - ring of wizardry
MPRegen 0.18/turn

%: reflection, wizardry (x1)
@: no status effects
A: no striking features
a: Renounce Religion


You were on level 5 of the Dungeon.
You worshipped Vehumet.
Vehumet was aware of your devotion.
You visited 1 branch of the dungeon, and saw 6 of its levels.

You collected 328 gold pieces.

Inventory:

Hand Weapons
 i - a +2 dagger of venom
 p - the +6 sling of Zeolach (weapon) {speed, rC+}
   (You found it on level 3 of the Dungeon)

   rC+:       It protects you from cold.
Armour
 e - a +0 cloak (worn)
 n - a +0 helmet (worn)
 v - a +2 robe of willpower (worn)
Jewellery
 r - an amulet of reflection (around neck)
 x - a ring of protection from fire (left hand)
 A - a ring of wizardry (right hand)
Wands
 u - a wand of quicksilver (9)
Scrolls
 b - 2 scrolls of noise {unknown}
 c - 3 scrolls of poison {unknown}
 g - 3 scrolls of teleportation {unknown}
 h - 5 scrolls of identify {unknown}
 j - a scroll of immolation {unknown}
 s - a scroll of vulnerability {unknown}
 y - 2 scrolls of enchant weapon {unknown}
 z - a scroll of fog {unknown}
Potions
 a - 2 potions of attraction {unknown}
 d - a potion of magic
 f - 3 potions of brilliance {unknown}
 k - a potion of might {unknown}
 l - a potion of cancellation {unknown}
 m - a potion of curing {unknown}
 o - 2 potions of heal wounds {unknown}
 q - a potion of enlightenment {unknown}
 t - a potion of lignification {unknown}
 w - a potion of degeneration {unknown}


   Skills:
 - Level 2.1 Fighting
 + Level 2.0 Armour
 - Level 3.0 Dodging
 - Level 4.1 Stealth
 * Level 9.6 Spellcasting
 + Level 4.9 Conjurations
 - Level 1.1 Summonings
 - Level 1.1 Translocations
 - Level 1.1 Air Magic
 - Level 2.0 Poison Magic
 - Level 1.0 Evocations


You had 18 spell levels left.
You knew the following spells:

 Your Spells              Type           Power      Damage    Failure   Level
a - Magic Dart            Conj           100%       1d8       1%          1
b - Mephitic Cloud        Conj/Pois/Air  22%        N/A       2%          3
c - Call Imp              Summ           30%        N/A       2%          2
d - Blink                 Tloc           30%        N/A       2%          2

Your spell library contained the following spells:

 Spells                   Type           Power      Damage    Failure   Level
 Shock                    Conj/Air       96%        1d9       1%          1
 Momentum Strike          Conj/Tloc      46%        3d9       1%          2
 Slow                     Hex            40%        N/A       2%          1
 Cigotuvi's Dreadful Rot  Necr/Pois/Air  30%        N/A       2%          2
 Lesser Beckoning         Tloc           30%        N/A       2%          2


Dungeon Overview and Level Annotations

Branches:
Dungeon (6/15)             Temple (0/1) D:6

Altars:
Ashenzari
Cheibriados
Trog
Vehumet
Wu Jian
Yredelemnul
The Shining One

Annotations:
D:5 3 runed translucent doors, soul19's ghost, novice GnIE
D:6 Pikel


Message History

Casting: Mephitic Cloud (dangerous; 2% risk of failure)
Confirm with . or Enter, or press ? or * to list all spells.
A tiny devil pulls itself out of the air.
You feel ready to blink again.
Unknown command.
Fire: p) +6 sling of Zeolach {speed, rC+}
Press: ? - help, Q - select action, (/) - cycle Shift-Dir - straight line, f/p - ogre
Aim: an ogre, wielding a +0 giant spiked club (confused, 87% to hit)
You shoot a sling bullet. The sling bullet hits the ogre!
The ogre is moderately wounded.
The lemure hits the lemure but does no damage.
Unknown command.
Fire: p) +6 sling of Zeolach {speed, rC+}
Press: ? - help, Q - select action, (/) - cycle Shift-Dir - straight line, f/p - ogre
Aim: an ogre, wielding a +0 giant spiked club (moderately wounded, confused, 87% to hit)
You shoot a sling bullet. The sling bullet hits the lemure!
The lemure is moderately wounded.
Your cerulean imp hits the lemure from afar with a -3 spear.
Unknown command.
Fire: p) +6 sling of Zeolach {speed, rC+}
Press: ? - help, Q - select action, (/) - cycle Shift-Dir - straight line, f/p - ogre
Aim: an ogre, wielding a +0 giant spiked club (moderately wounded, confused, 87% to hit)
You shoot a sling bullet. The sling bullet hits the lemure.
The lemure is moderately wounded.
Your cerulean imp hits the lemure with a -3 spear.
Fire: p) +6 sling of Zeolach {speed, rC+}
Press: ? - help, Q - select action, (/) - cycle Shift-Dir - straight line, f/p - ogre
Aim: an ogre, wielding a +0 giant spiked club (moderately wounded, confused, 87% to hit)
You shoot a sling bullet. The sling bullet hits the ogre.
The ogre is heavily wounded.
Your cerulean imp hits the lemure from afar with a -3 spear.
The lemure closely misses you.
Fire: p) +6 sling of Zeolach {speed, rC+}
Press: ? - help, Q - select action, (/) - cycle Shift-Dir - straight line, f/p - ogre
Aim: an ogre, wielding a +0 giant spiked club (heavily wounded, confused, 87% to hit)
You shoot a sling bullet. The sling bullet hits the ogre!
The ogre is almost dead.
Your cerulean imp hits the lemure but does no damage.
The lemure hits you.
You die...

#######............#..
#...>.†............#..
#O.........(.......###
#.....................
#......####'###'###...
#......#.....#....#...
#....5.#.....#....#...
#....55#.....#....'...
#....@.#...########...
#########'####....####
#.........#..........
#.........#..........
#.........#..........
#.........'.......##'
#.........###'#####..
#.<.......#..........
#.........#..........


You could see an ogre (confused), 2 lemures and a friendly cerulean imp
(summoned).

Vanquished Creatures
  2 water moccasins
  Duvessa (D:4)
  An ogre (D:5)
  A lemure (D:5)
  A phantom (D:5)
  A scorpion (D:5)
  Dowan (D:4)
  2 howler monkeys (D:5)
  A centaur zombie (D:5)
  A gnoll bouda (D:5)
  2 jellies
  2 hounds (D:5)
  Jessica (D:2)
  Ijyb (D:4)
  2 orc wizards
  A statue (D:4)
  A hound zombie (D:5)
  Robin (D:4)
  4 gnolls (D:5)
  5 adders
  A white imp (D:5)
  3 dart slugs
  13 orcs
  6 bats
  6 endoplasms
  6 giant cockroaches
  10 hobgoblins
  16 jackals
  4 quokkas
  4 ball pythons
  20 goblins
  4 kobolds
  8 rats
133 creatures vanquished.

Vanquished Creatures (collateral kills)
  A gnoll (D:5)
1 creature vanquished.

Vanquished Creatures (others)
  A kobold (D:4)
1 creature vanquished.

Grand Total: 135 creatures vanquished

Notes
Turn   | Place    | Note
-------+----------+-------------------------------------------
     0 | D:1      | pokeman the Deep Elf Hedge Wizard began the quest for the
                  | Orb.
     0 | D:1      | Reached XP level 1. HP: 10/10 MP: 7/7
   240 | D:1      | Reached XP level 2. HP: 16/16 MP: 4/9
   638 | D:1      | Found a faded altar of an unknown god.
   733 | D:1      | Found Xoriohy's Weapon Shoppe.
   958 | D:1      | Reached skill level 5 in Spellcasting
  1032 | D:2      | Found a snail-covered altar of Cheibriados.
  1117 | D:2      | Reached XP level 3. HP: 20/20 MP: 8/11
  1121 | D:2      | Learned a level 3 spell: Mephitic Cloud
  1124 | D:2      | Learned a level 2 spell: Call Imp
  1127 | D:2      | Learned a level 2 spell: Blink
  1787 | D:2      | Reached skill level 1 in Armour
  2000 | D:2      | Noticed Jessica
  2005 | D:2      | Killed Jessica
  2006 | D:2      | Reached skill level 1 in Fighting
  2006 | D:2      | Reached XP level 4. HP: 23/25 MP: 9/13
  2582 | D:3      | Identified the +6 sling of Zeolach {speed, rC+}
  2664 | D:3      | Reached skill level 6 in Spellcasting
  2745 | D:3      | Found an ornate altar of the Wu Jian Council.
  3068 | D:3      | Reached XP level 5. HP: 29/29 MP: 15/15
  3255 | D:4      | Noticed Duvessa
  3255 | D:4      | Noticed Dowan
  3266 | D:4      | Killed Duvessa
  3267 | D:4      | Reached skill level 1 in Air Magic
  3274 | D:4      | Noticed Ijyb
  3277 | D:4      | Killed Dowan
  3278 | D:4      | Reached XP level 6. HP: 21/34 MP: 11/17
  3290 | D:4      | Killed Ijyb
  3454 | D:4      | Noticed a water moccasin
  3469 | D:4      | Noticed Robin
  3473 | D:4      | Killed a water moccasin
  3474 | D:4      | Reached skill level 7 in Spellcasting
  3474 | D:4      | Reached skill level 1 in Poison Magic
  3488 | D:4      | Killed Robin
  3830 | D:4      | Found a radiant altar of Vehumet.
  3840 | D:4      | Became a worshipper of Vehumet
  3948 | D:4      | Reached XP level 7. HP: 38/38 MP: 20/20
  4287 | D:5      | Entered Level 5 of the Dungeon
  4323 | D:5      | Found a runed translucent gate.
  4323 | D:5      | Found a runed translucent gate.
  4323 | D:5      | Found a runed translucent gate.
  4323 | D:5      | Noticed soul19's ghost (novice GnIE)
  4325 | D:5      | Found a basalt altar of Yredelemnul.
  4390 | D:5      | Found a bloodstained altar of Trog.
  4448 | D:5      | Reached skill level 8 in Spellcasting
  4448 | D:5      | Reached skill level 1 in Evocations
  4678 | D:5      | Reached * piety under Vehumet
  4678 | D:5      | Offered knowledge of Shock by Vehumet.
  4692 | D:5      | Reached skill level 9 in Spellcasting
  4692 | D:5      | Reached XP level 8. HP: 44/44 MP: 10/23
  4948 | D:5      | Found a glowing golden altar of the Shining One.
  4948 | D:5      | Found a broken altar of Ashenzari.
  5281 | D:6      | Noticed Pikel
  5281 | D:6      | Found a staircase to the Ecumenical Temple.
  5365 | D:5      | HP: 1/44 [ogre/+0 giant spiked club (31)]
  5375 | D:5      | Slain by a lemure

Illustrated notes

Levels and vault maps discovered:
D:1:      ldierk_walled_garden_2, layout_rooms, serial_shops,
          nicolae_shop_bloodbath_and_beyond, dreamdust_ecumenical_altar_grove,
          columned_hall_lemuel, minmay_split_cup_small
D:2:      layout_loops_corners, basic_altar, uniq_jessica
D:3:      layout_basic, nicolae_wu_jian_wuxing_cycle, serial_rivers,
          chequers_serial_rivers_micro_b, chequers_serial_rivers_marsh,
          chequers_serial_rivers_small_b, chequers_serial_rivers_small_a,
          dk_noncrumbling_2, dk_noncrumbling_3, st_stairs_9
D:4:      layout_basic, vehumet_statue, uniq_robin, uniq_ijyb, uniq_duvessa
D:5:      layout_gridville, mainiacjoe_overflow_six_doors_small,
          nicolae_yredelemnul_ghost_church, gammafunk_temple_overflow_elements
D:6:      layout_loops_ring, minmay_temple_entry_grid, uniq_pikel

Skill      XL: |  1  2  3  4  5  6  7  8 |
---------------+-------------------------+-----
Spellcasting   | 5 6 7 9 |  9.6
Armour         | 1 2 |  2.0
Fighting       | 1 2 |  2.1
Conjurations   | 2 3 4 |  4.9
Dodging        | 3 |  3.0
Stealth        | 3 4 |  4.1
Air Magic      | 1 |  1.1
Poison Magic   | 1 2 |  2.0
Evocations     | 1 |  1.0
Summonings     | |  1.1
Translocations | |  1.1

Action                     |  1- 3 |  4- 6 |  7- 9 || total
---------------------------+-------+-------+-------++-------
  Melee: Dagger            |     9 |    16 |       ||    25
         Punch             |       |     1 |       ||     1
   Fire: Sling             |       |    96 |   114 ||   210
   Cast: Magic Dart        |    82 |    63 |    11 ||   156
         Mephitic Cloud    |     1 |     5 |     9 ||    15
         Call Imp          |       |       |     2 ||     2
         Blink             |       |       |     2 ||     2
   Stab: Sleeping          |     1 |       |       ||     1
 Armour: Robe              |     8 |    29 |    31 ||    68
  Dodge: Dodged            |     5 |    29 |    36 ||    70
  Block: Other             |       |     7 |     8 ||    15

Table legend: (Time is in decaauts)
 A = Elapsed time spent in this place.
 B = Non-inter-level travel time spent in this place.
 C = Inter-level travel time spent in this place.
 D = Time resting spent in this place.
 E = Time spent auto-exploring this place.
 F = Levels seen in this place.
 G = Mean time per level.
                   A        B        C        D        E       F      G
               +--------+--------+--------+--------+--------+-----+--------+
         Total |   5368 |   5193 |    175 |     94 |   4357 |   6 |  894.7 |
       Dungeon |   5368 |   5193 |    175 |     94 |   4357 |   6 |  894.7 |
               +--------+--------+--------+--------+--------+-----+--------+

Top non-repeatable levels by time:
     D:2: 1112 daAuts
     D:4: 1089 daAuts
     D:5: 1073 daAuts
     D:3: 1050 daAuts
     D:1: 1035 daAuts
     D:6: 7 daAuts
